 Dungeon Crawl Stone Soup version 0.31.0-9-g3a7656b989 (webtiles) character file.

Game seed: 8616162008541290405

845 qw the Skirmisher (level 7, -5/35 HPs)
             Began as a Spriggan Hunter on Feb 2, 2024.
             Was an Initiate of Okawaru.
             Slain by Sigmund
             ... wielding a +0 scythe
              (10 damage)
             ... on level 6 of the Dungeon.
             The game lasted 00:00:17 (3682 turns).

qw the Skirmisher (Spriggan Hunter)                 Turns: 3682, Time: 00:00:18

Health: -5/35      AC:  2    Str: 13    XL:     7   Next: 68%
Magic:  8/8        EV: 23    Int: 10    God:    Okawaru [......]
Gold:   218        SH:  0    Dex: 21    Spells: 6/6 levels left

rFire   . . .        a - +1 shortbow (elec)
rCold   . . .        (shield currently unavailable)
rNeg    . . .        c - +0 robe
rPois   +            (helmet restricted)
rElec   .            (no cloak)
rCorr   .            (gloves unavailable)
SInv    +            (boots unavailable)
Will    +....        l - amulet of regeneration
Stlth   ++           k - ring of poison resistance
HPRegen 1.05/turn    n - +6 ring of strength
MPRegen 0.11/turn

%: no passive effects
@: hasted, very quick
A: very small, no large weapons, unfitting armour, see invisible, speed 3
a: Renounce Religion


You were on level 6 of the Dungeon.
You worshipped Okawaru.
Okawaru was noncommittal.
You visited 2 branches of the dungeon, and saw 7 of its levels.

You collected 244 gold pieces.
You spent 26 gold pieces at shops.


Innate Abilities, Weirdness & Mutations

You are very small and have problems with some larger weapons.
You are too small for most types of armour.
You have supernaturally acute eyesight. (SInv)
You cover ground extremely quickly. (Speed+++)


   Skills:
 - Level 2.0 Fighting
 - Level 8.0 Ranged Weapons
 + Level 7.2 Dodging
 - Level 1.5 Stealth


You had 6 spell levels left.
You didn't know any spells.
Your spell library was empty.

Inventory:

Hand Weapons
 a - a +1 shortbow of electrocution (weapon)
Armour
 c - a +0 robe (worn)
Jewellery
 b - a ring of fire
 k - a ring of poison resistance (left hand)
 l - an amulet of regeneration (around neck)
 n - a +6 ring of strength (right hand)
Wands
 d - a wand of iceblast (9)
 h - a wand of digging (8)
Scrolls
 p - 2 scrolls of identify
 q - a scroll of enchant armour {unknown}
 s - a scroll of noise {unknown}
Potions
 e - 2 potions of haste
 f - a potion of ambrosia {unknown}
 g - a potion of cancellation
 i - 3 potions of might
 j - 3 potions of curing
 m - a potion of resistance
 o - a potion of brilliance {unknown}
 r - a potion of heal wounds {unknown}

Dungeon Overview and Level Annotations

Branches:
Dungeon (6/15)             Temple (1/1) D:5

Altars:
Ashenzari
Cheibriados
Dithmenos
Elyvilon
Fedhas
Gozag
Hepliaklqana
Kikubaaqudgha
Nemelex Xobeh
Okawaru
Qazlal
Ru
Sif Muna
Trog
Uskayaw
Vehumet
Yredelemnul
Zin

Shops:
D:2 *

Annotations:
D:6 Sigmund


Message History

Sigmund flickers and vanishes for a moment.
3673 ||| DRINKING 3 potions of haste.
You feel yourself speed up.
You shoot an arrow.
The arrow hits the gnoll sergeant but does no damage.
The gnoll sergeant is lightly wounded.
Sigmund's eyes start glowing with a red light.
You shoot an arrow.
The arrow hits the gnoll sergeant but does no damage.
The gnoll sergeant is lightly wounded.
The gnoll sergeant hits you from afar with a +0 spear.
You shoot an arrow.
The arrow hits the gnoll sergeant but does no damage.
The gnoll sergeant is lightly wounded.
You shoot an arrow.
The arrow barely misses the gnoll sergeant.
The arrow hits the gnoll.
The gnoll is lightly wounded.
Sigmund says, "Look into my eyes."
The gnoll sergeant hits you from afar with a +0 spear!
You shoot an arrow. The arrow hits the gnoll sergeant.
The gnoll sergeant is moderately wounded.
The gnoll sergeant closely misses you.
You shoot an arrow. The arrow hits the gnoll.
The gnoll is moderately wounded.
You shoot an arrow. The arrow hits the gnoll.
Lightning courses through the gnoll!
You kill the gnoll!
Okawaru accepts your kill. Sigmund barely misses you.
The gnoll sergeant hits you from afar with a +0 spear!
You shoot an arrow. The arrow hits the gnoll sergeant!
The gnoll sergeant is heavily wounded.
The gnoll sergeant hits you from afar with a +0 spear!
You shoot an arrow.
The arrow hits the gnoll sergeant but does no damage.
Lightning courses through the gnoll sergeant!
The gnoll sergeant is almost dead.
Sigmund hits you from afar with a +0 scythe!
You die...
Sigmund begins carving another notch in his scythe.

# #.#.# ### .##.#.# #.!
......### #.########
##.#....## #...)....#
##.##.#..###......:.#
...##.##..#.........#
#..##.#.............#
#.......###.........####
#.###...###.##..@)g.....
............######@#....
..##...##..### .. .
.##.(#........ .).
....).....# . ...
..#..#..<.##.## ..
..#.##.......... #
###.##.....####^
)#<.##<.)..#


You could see Sigmund (invisible) and a gnoll sergeant.

Vanquished Creatures
  3 scorpions
  2 bombardier beetles
  4 hounds
  2 gnoll boudas
  4 iguanas
  2 orc wizards (D:5)
  5 adders
  11 gnolls
  A shadow imp (D:5)
  A white imp (D:5)
  An adder zombie (D:2)
  A ribbon worm (D:2)
  3 dart slugs
  12 orcs
  A bat zombie (D:2)
  6 endoplasms
  A giant cockroach (D:3)
  9 goblins
  3 hobgoblins
  4 jackals (D:1)
  4 kobolds
  5 quokkas
  5 ball pythons
  A ball python skeleton (D:2)
  2 bats
  2 frilled lizards
  A quokka zombie (D:2)
  6 rats
102 creatures vanquished.

Notes
Turn   | Place    | Note
-------+----------+-------------------------------------------
     0 | D:1      | qw the Spriggan Hunter began the quest for the Orb.
     0 | D:1      | Reached XP level 1. HP: 10/10 MP: 2/2
     0 | D:1      | 0 ||| qw: Version: 0.3-a-155-g5e7d8dd
     0 | D:1      | 0 ||| qw: Game counter: 2208
     0 | D:1      | 0 ||| qw: Melee chars always use a shield: true
     0 | D:1      | 0 ||| qw: God list: Okawaru
     0 | D:1      | 0 ||| qw: Allow faded altars: false
     0 | D:1      | 0 ||| qw: Do Orc after clearing Dungeon:15 true
     0 | D:1      | 0 ||| qw: Do second Lair branch before Depths: true
     0 | D:1      | 0 ||| qw: Lair rune preference: random
     0 | D:1      | 0 ||| qw: Goals: Normal
     0 | D:1      | 0 ||| PLANNING D:1-11
    44 | D:1      | Reached skill level 3 in Dodging
   217 | D:1      | Reached XP level 2. HP: 14/14 MP: 3/3
   709 | D:1      | 709 ||| UPGRADING to amulet of regeneration.
   714 | D:1      | 714 ||| UPGRADING to ring of poison resistance.
   715 | D:1      | 715 ||| READING scroll labelled JIFROSKIDO.
   715 | D:1      | 715 ||| ENCHANTING +0 shortbow.
   716 | D:1      | 716 ||| READING 4 scrolls labelled DAADIP TAXE.
   716 | D:1      | 716 ||| IDENTIFYING viscous grey potion
   717 | D:1      | 717 ||| READING 3 scrolls of identify.
   717 | D:1      | 717 ||| IDENTIFYING white potion
   718 | D:1      | 718 ||| READING 2 scrolls of identify.
   718 | D:1      | 718 ||| IDENTIFYING glowing red potion
   719 | D:1      | 719 ||| READING scroll of identify.
   719 | D:1      | 719 ||| IDENTIFYING cyan potion
   720 | D:1      | 720 ||| DRINKING 2 fizzy coppery potions.
   721 | D:1      | 721 ||| DROPPING scroll of butterflies.
   722 | D:1      | 722 ||| DROPPING potion of attraction.
   723 | D:1      | 723 ||| DROPPING potion of berserk rage.
   870 | D:2      | Reached XP level 3. HP: 18/18 MP: 4/4
   964 | D:2      | Found Aduafawn's Assorted Antiques.
   974 | D:2      | 974 ||| SHOPLISTING curved bronze wand (104 gold, have 58).
   974 | D:2      | 974 ||| SHOPLISTING potion of curing (78 gold, have 58).
   974 | D:2      | 974 ||| SHOPLISTING runed shortbow (156 gold, have 58).
   974 | D:2      | 974 ||| BUYING scroll labelled WEZXIXZEWI (26 gold).
   974 | D:2      | Bought a scroll labelled WEZXIXZEWI for 26 gold pieces
  1258 | D:2      | Reached skill level 5 in Ranged Weapons
  1379 | D:2      | 1379 ||| READING scroll of identify.
  1379 | D:2      | 1379 ||| IDENTIFYING bubbling coppery potion
  1380 | D:2      | 1380 ||| READING scroll labelled WUOWISENAO.
  1381 | D:2      | 1381 ||| READING scroll labelled HOCY BUZXASKAEMURI.
  1388 | D:2      | 1388 ||| READING scroll labelled XOITOQEILINO.
  1389 | D:2      | 1389 ||| READING scroll labelled WEZXIXZEWI.
  1390 | D:2      | 1390 ||| READING scroll labelled EKIURCHIOZEU.
  1390 | D:2      | 1390 ||| BRANDING +1 shortbow.
  1391 | D:2      | 1391 ||| READING scroll labelled ZUEXISA SILAGE.
  1492 | D:2      | 1492 ||| DRINKING 2 bubbling clear potions.
  1565 | D:3      | Reached XP level 4. HP: 22/22 MP: 5/5
  1606 | D:3      | Reached XP level 5. HP: 26/26 MP: 6/6
  1745 | D:3      | Found a shimmering blue altar of Sif Muna.
  2125 | D:3      | Found a faded altar of an unknown god.
  2479 | D:4      | Reached skill level 6 in Ranged Weapons
  2479 | D:4      | Reached XP level 6. HP: 30/30 MP: 7/7
  2606 | D:4      | Reached skill level 6 in Dodging
  2638 | D:4      | Found a white marble altar of Elyvilon.
  2922 | D:5      | Entered Level 5 of the Dungeon
  2961 | D:5      | HP: 7/30 [iguana (13)]
  2967 | D:5      | Reached skill level 7 in Ranged Weapons
  3000 | D:5      | Reached XP level 7. HP: 35/35 MP: 8/8
  3089 | D:5      | Found a staircase to the Ecumenical Temple.
  3090 | D:5      | 3090 ||| PLANNING TEMPLE
  3090 | D:5      | 3090 ||| UPGRADING to +6 ring of strength.
  3091 | D:5      | 3091 ||| READING scroll of identify.
  3091 | D:5      | 3091 ||| IDENTIFYING golden potion
  3092 | D:5      | 3092 ||| DROPPING potion of degeneration.
  3101 | Temple   | Entered the Ecumenical Temple
  3102 | Temple   | 3102 ||| PLANNING OKAWARU WORSHIP
  3129 | Temple   | Became a worshipper of Warmaster Okawaru
  3130 | Temple   | 3130 ||| PLANNING D:1-11
  3423 | D:6      | 3423 ||| STAIRDANCE
  3443 | D:6      | 3443 ||| STAIRDANCE
  3449 | D:6      | 3449 ||| STAIRDANCE
  3648 | D:6      | Reached skill level 8 in Ranged Weapons
  3671 | D:6      | Noticed Sigmund
  3673 | D:6      | 3673 ||| DRINKING 3 potions of haste.
  3681 | D:6      | HP: 4/35 [gnoll sergeant/+0 spear (7)]
  3682 | D:6      | Slain by Sigmund

Levels and vault maps discovered:
D:1:      minmay_arrival_five_plusses, layout_basic
D:2:      layout_basic, serial_shops, nicolae_lakefront_shop, serial_undead,
          serial_undead_f, serial_undead_e, serial_undead_a, serial_undead_a
D:3:      layout_basic, nicolae_sif_muna_little_library, basic_ecumenical_altar
D:4:      layout_cave_pools, mainiacjoe_overflow_catwalk
D:5:      layout_cave_pools, minmay_temple_entry_mist
D:6:      layout_rooms, mainiacjoe_overflow_alcove_2, lemuel_tele_altar,
          uniq_eustachio, uniq_sigmund
Temple:   nicolae_temple_elliptical

Skill      XL: |  1  2  3  4  5  6  7 |
---------------+----------------------+-----
Dodging        | 3 4 5 6 7 |  7.2
Ranged Weapons | 5 6 7 8 |  8.0
Fighting       | 2 |  2.0
Stealth        | |  1.5

Action                     |  1- 3 |  4- 6 |  7- 9 || total
---------------------------+-------+-------+-------++-------
   Fire: Shortbow          |    88 |   132 |    77 ||   297
    Use: Scroll            |    12 |       |     1 ||    13
         Potion            |     2 |       |     1 ||     3
 Armour: Robe              |     6 |    14 |     7 ||    27
  Dodge: Dodged            |    25 |    54 |    19 ||    98

Table legend:
 A = Non-vault XP
 B = Vault XP
 C = Vault XP percentage of total XP
 D = Non-vault monster count
 E = Vault monster count
 F = Vault count percentage of total count
                 A         B        C        D         E       F
            +---------+---------+-------+---------+---------+-------
      Total |    1198 |      10 |   0.8 |      98 |       4 |   3.9
            +---------+---------+-------+---------+---------+-------
        D:1 |      32 |       0 |   0.0 |      17 |       0 |   0.0
        D:2 |      48 |      10 |  17.2 |      11 |       4 |  26.7
        D:3 |     187 |       0 |   0.0 |      21 |       0 |   0.0
        D:4 |     262 |       0 |   0.0 |      22 |       0 |   0.0
        D:5 |     572 |       0 |   0.0 |      17 |       0 |   0.0
        D:6 |      97 |       0 |   0.0 |      10 |       0 |   0.0
            +---------+---------+-------+---------+---------+-------
